Map: Frost LE

Players

EveHo - Winner!

  • Race: Terran Terran
  • League: Platinum

blackxored

  • Race: Zerg Zerg
  • League: Diamond

VOD

Have the link to the VOD?

Description

Time

  • Played on: June 30, 2016, 3:10 p.m.
  • Length: 11:13
Show
View Real Time Build Order
Export as new Build Order

EveHo Terran - Winner!

Build Orders: MMM Bio 

Get SALT Encoding   

  12  0:01  SCV  
  13  0:13  SCV  
  14  0:18  Supply Depot  
  14  0:25  SCV  
  15  0:40  SCV  
  15  0:41  Barracks  
  16  0:45  Refinery  
  16  0:52  SCV  
  17  1:04  SCV  
  18  1:16  SCV  
  19  1:31  Orbital Command  
  19  1:32  Barracks Reactor  
  19  1:44  Command Center  
  19  1:56  Supply Depot  
  19  1:57  SCV  
  20  2:09  SCV  
  20  2:12  Marine x2  
  23  2:21  Factory  
  23  2:25  SCV  
  23  2:29  Marine x2  
  26  2:45  SCV  
  26  2:53  Marine x2  
  26  2:54  Command Center  
  26  2:58  Bunker  
  28  3:01  Orbital Command  
  28  3:07  SCV  
  29  3:19  Barracks Tech Lab, SCV  
  30  3:25  Hellion  
  30  3:26  Hellion  
  34  3:30  SCV  
  34  3:31  SCV  
  36  3:34  Refinery  
  36  3:42  SCV  
  36  3:43  SCV  
  36  3:47  Hellion  
  36  3:48  Hellion  
  42  3:56  SCV  
  42  4:00  Supply Depot  
  43  4:03  SCV  
  43  4:08  Stimpack, SCV  
  43  4:09  Orbital Command  
  45  4:15  SCV  
  46  4:20  SCV  
  47  4:25  Hellion x2  
  47  4:28  Starport  
  47  4:30  Supply Depot  
  51  4:36  SCV x3  
  54  4:40  Marine  
  55  4:48  SCV x3  
  58  4:56  Engineering Bay  
  58  4:57  Engineering Bay  
  58  5:00  SCV x3  
  53  5:15  SCV x3  
  52  5:24  Barracks  
  52  5:26  Barracks  
  52  5:29  Barracks  
  52  5:30  Barracks  
  52  5:31  Barracks  
  52  5:32  SCV x2  
  55  5:35  Barracks  
  55  5:36  Refinery  
  55  5:37  Refinery, Barracks  
  54  5:44  SCV  
  54  5:48  Terran Infantry Weapons Level 1, Terran Infantry Armor Level 1  
  54  5:49  Starport Reactor  
  55  5:58  SCV x2  
  55  6:02  Orbital Command  
  57  6:08  Combat Shields  
  57  6:10  SCV x2  
  59  6:30  SCV  
  59  6:31  SCV x2  
  62  6:34  Barracks Reactor x2  
  62  6:35  Barracks Reactor x2  
  62  6:36  Barracks Tech Lab x2  
  62  6:37  Barracks Tech Lab  
  62  6:42  Supply Depot  
  62  6:43  SCV x2  
  62  6:44  Supply Depot  
  62  6:45  Armory  
  62  6:46  Medivac x2  
  68  6:47  Marauder  
  68  6:49  SCV  
  71  6:55  SCV x2  
  71  6:57  Concussive Shells  
  71  6:59  Marauder x2  
  77  7:03  SCV  
  77  7:04  Marauder  
  77  7:05  Supply Depot  
  77  7:07  Supply Depot, SCV x2  
  82  7:15  SCV  
  82  7:19  Marine x8, SCV x2  
  93  7:26  Marine x4  
  93  7:29  Medivac  
  100  7:35  Medivac  
  100  7:36  Marine x2  
  105  7:37  Marine x2  
  105  7:39  Refinery x2  
  105  7:40  Marine  
  105  7:41  Marine x2  
  108  7:46  Terran Infantry Armor Level 2  
  108  7:47  Terran Infantry Weapons Level 2  
  108  7:52  Supply Depot  
  108  7:53  Supply Depot  
  108  8:07  Missile Turret  
  108  8:08  Factory, Marine, Missile Turret  
  109  8:14  Supply Depot, Marine x4, Marauder x2  
  109  8:15  Marine x3, Marauder x2  
  109  8:19  Liberator x2  
  124  8:26  Marine  
  125  8:36  Marauder  
  125  8:40  Missile Turret  
  133  8:42  Missile Turret  
  133  8:43  Missile Turret  
  133  8:49  Supply Depot, Marine x2, Marauder x2, SCV x2  
  133  8:51  Supply Depot  
  133  8:52  Marine x5  
  133  8:53  Marauder, SCV  
  149  8:58  Factory Reactor  
  149  9:06  Missile Turret  
  149  9:10  Marine x2  
  149  9:11  Marauder x2, SCV x2  
  149  9:13  Marine, Marauder, SCV  
  149  9:15  Marine x2, Command Center  
  149  9:16  Marauder  
  165  9:29  Supply Depot  
  165  9:30  Supply Depot  
  165  9:31  Marine x6  
  165  9:32  Marine, SCV  
  165  9:33  Liberator  
  173  9:50  Marine, Marauder  
  179  10:01  Marine x4, Marauder  
  179  10:02  Marauder x2  
  179  10:06  Marine x3  
  185  10:08  Marine  
  185  10:12  Marauder  
  158  10:19  Marine x4  
  156  10:23  Marauder x3  
  156  10:24  Marine x3  
  156  10:25  Marine  
  166  10:33  Marauder  
  168  10:36  Marine  
  168  10:37  Marine x3  
  168  10:42  Marine x3  
  177  10:43  Marine  
  177  10:44  Marauder x2  
  177  10:45  Marauder  
  177  10:54  Marine x2  
Show
View Real Time Build Order
Export as new Build Order

blackxored Zerg 

Build Orders: Hatch First, Muta Ling Bane 

Get SALT Encoding   

  12  0:01  Drone  
  13  0:08  Drone  
  14  0:16  Overlord  
  14  0:26  Extractor  
  14  0:27  Drone  
  15  0:36  Drone x2  
  17  0:53  Hatchery  
  16  0:58  Drone  
  16  1:00  Drone  
  18  1:10  Drone  
  19  1:12  Extractor  
  19  1:17  Spawning Pool  
  17  1:22  Drone  
  18  1:28  Drone  
  19  1:40  Overlord  
  19  1:48  Drone  
  20  2:05  Queen, Spine Crawler  
  20  2:06  Queen  
  20  2:07  Zergling x4  
  25  2:14  Drone  
  26  2:17  Metabolic Boost  
  26  2:20  Zergling x2  
  28  2:38  Overlord  
  28  2:51  Pneumatized Carapace  
  28  2:54  Hatchery  
  27  2:59  Queen  
  29  3:07  Zergling x4  
  29  3:08  Zergling x2  
  29  3:11  Overlord  
  32  3:18  Drone x2  
  34  3:41  Drone x6  
  40  3:52  Drone x4  
  44  4:05  Queen x2  
  44  4:09  Queen  
  50  4:29  Overlord x3  
  49  4:48  Drone x2  
  49  4:49  Drone  
  52  4:53  Drone x8  
  47  5:14  Drone x5  
  47  5:18  Drone x5  
  57  5:30  Drone  
  57  5:31  Drone x6  
  57  5:32  Drone  
  65  5:42  Baneling Nest, Drone  
  65  5:43  Drone x2  
  65  5:44  Lair  
  65  5:46  Evolution Chamber  
  65  5:48  Drone x2, Evolution Chamber  
  65  5:49  Extractor  
  66  5:50  Drone  
  66  5:51  Drone  
  66  5:55  Extractor  
  66  5:56  Extractor, Drone x5  
  71  6:06  Queen  
  73  6:15  Overlord x2  
  73  6:16  Overlord x3  
  73  6:24  Hatchery  
  72  6:27  Zerg Melee Weapons Level 1, Zerg Ground Armor Level 1  
  72  6:30  Drone x2  
  74  6:33  Overlord x2  
  74  6:35  Drone  
  75  6:40  Zergling x8  
  79  6:54  Drone  
  79  6:56  Spire, Centrifical Hooks  
  79  6:57  Overseer  
  79  6:58  Overseer  
  79  7:01  Drone x2  
  81  7:02  Zergling x16  
  81  7:04  Zergling x4  
  81  7:05  Zergling x2  
  92  7:18  Zergling x12  
  92  7:20  Baneling x2  
  92  7:21  Baneling x10  
  92  7:22  Baneling  
  98  7:24  Baneling  
  98  7:27  Baneling  
  98  7:29  Baneling  
  106  7:39  Zergling x6  
  106  7:40  Zergling x6  
  104  7:47  Queen  
  104  7:50  Drone x5  
  104  7:51  Drone  
  112  7:53  Extractor  
  112  7:55  Extractor  
  110  8:06  Drone x3  
  110  8:08  Zergling x2  
  110  8:09  Zergling x22  
  125  8:13  Hatchery  
  124  8:26  Zergling x16  
  132  8:28  Baneling x14  
  132  8:29  Baneling x2  
  132  8:30  Zerg Melee Weapons Level 2  
  132  8:34  Zerg Ground Armor Level 2  
  132  8:54  Drone x4  
  136  8:55  Overlord  
  136  8:56  Overlord x3  
  136  8:59  Infestation Pit  
  135  9:13  Overlord x3  
  135  9:17  Mutalisk x5  
  135  9:18  Mutalisk  
  147  9:30  Drone x7  
  147  9:31  Drone x5  
  159  9:34  Extractor  
  159  9:35  Drone x2  
  159  9:36  Drone  
  159  9:37  Extractor, Drone  
  162  9:38  Drone  
  162  9:39  Drone  
  121  10:15  Spine Crawler x2  
  121  10:16  Zergling x2  
  121  10:17  Zergling x42  
  121  10:18  Spine Crawler  
  129  10:23  Zergling x2  
  129  10:24  Zergling x6  
  129  10:28  Mutalisk x3  
  129  10:31  Zergling x2  
  129  10:32  Zergling x4  
  134  10:38  Zergling x4  
  120  10:44  Zergling x10  
  120  10:48  Zergling x6  
  109  10:53  Zergling x6  
Tags
 
Add a new tag
Caveats
  • Supply blocks, unpowered buildings, or Contaminate may cause inaccurate times.
  • Supply counts are checked every 10 seconds.